 Dungeon Crawl Stone Soup version 0.16-a0-4083-g5af668b (webtiles) character file.

3975 toofou the Fighter (level 10, -17/91 HPs)
             Began as a Minotaur Berserker on Feb 22, 2015.
             Was a High Priest of Trog.
             Killed by the air
             ... invoked by Gastronok
              (35 damage)
             ... on level 8 of the Dungeon.
             The game lasted 01:28:13 (8941 turns).

toofou the Fighter (Minotaur Berserker)             Turns: 8941, Time: 01:28:17

Health: -17/91     AC: 14    Str: 25    XL:     10   Next: 2%
Magic:  1/1        EV: 11    Int:  4    God:    Trog [*****.]
Gold:   375        SH:  0    Dex: 10    Spells: 0 memorised, 9 levels left

rFire  . . .     SeeInvis .     u - +4 great sword (antimagic)
rCold  . . .     Clarity  .     r - +0 chain mail
rNeg   . . .     SustAb   +     (no shield)
rPois  .         Gourm    .     (helmet restricted)
rElec  .         Spirit   .     (no cloak)
rCorr  .         Warding  .     K - +2 pair of gloves
rMut   +         Stasis   .     s - +0 pair of boots
MR     .....                    b - amulet of resist mutation
Stlth  ..........               (no ring)
                                B - ring of sustain abilities

@: not resistant to hostile enchantments, extremely unstealthy
A: retaliatory headbutt, horns 2
a: Burn Spellbooks, Berserk, Trog's Hand, Brothers in Arms, Renounce Religion


You were on level 8 of the Dungeon.
You worshipped Trog.
Trog was extremely pleased with you.
You were not hungry.

You visited 2 branches of the dungeon, and saw 9 of its levels.

You collected 375 gold pieces.

Inventory:

Hand weapons
 a - a +0 mace
 g - a +0 trident of piercing
 u - a +4 antimagic great sword (weapon)
 y - a +0 war axe
 G - a +0 war axe
 J - a +1 whip of flaming
Armour
 h - a +0 ring mail
 r - a +0 chain mail (worn)
 s - a +0 pair of boots (worn)
 C - a +0 ring mail
 I - a cursed +0 chain mail
 K - a +2 pair of gloves (worn)
Jewellery
 b - an amulet of resist mutation (around neck)
 B - a ring of sustain abilities (left hand)
Magical devices
 p - a wand of frost (35)
 F - a wand of magic darts (12)
Scrolls
 e - 2 scrolls of immolation
 f - 2 scrolls of teleportation
 m - a scroll of fog
 n - a scroll of amnesia
 o - a scroll of enchant weapon {unknown}
 w - a scroll of remove curse {unknown}
 x - a scroll of recharging {unknown}
Potions
 c - 2 potions of restore abilities {unknown}
 d - 2 potions of cancellation
 i - a potion of lignification {unknown}
 j - a potion of agility {unknown}
 l - a potion of resistance {unknown}
 v - 3 potions of brilliance
 z - a potion of heal wounds {unknown}
 A - a potion of might
 D - a potion of curing
Miscellaneous
 k - a plain deck of defence
Comestibles
 q - a beef jerky
 t - 4 fruits
 E - 6 bread rations
 H - a meat ration


   Skills:
 + Level 9.4 Fighting
 * Level 8.6 Long Blades
 - Level 5.6(6.6) Axes
 - Level 5.2(6.4) Maces & Flails
 - Level 5.0 Armour
 + Level 8.5 Dodging


You had 9 spell levels left.
You didn't know any spells.

Dungeon Overview and Level Annotations

Branches:
Dungeon (8/15)             Temple (1/1) D:5            Lair (0/8) D:8

Altars:
Ashenzari
Cheibriados
Dithmenos
Elyvilon
Fedhas
Gozag
Kikubaaqudgha
Nemelex Xobeh
Okawaru
Qazlal
Ru
Sif Muna
Trog
Vehumet
Xom
Yredelemnul
Zin
The Shining One

Shops:
D:7 %

Annotations:
D:8 Gastronok


Innate Abilities, Weirdness & Mutations

You reflexively headbutt those who attack you in melee.
You have a pair of horns on your head.


Message History

The yak barely misses you. The goliath beetle closely misses you.
You slice the goliath beetle!!
The goliath beetle is severely wounded.
The yak barely misses you.
Gastronok gurgles.
The yak gores you but does no damage.
You slash the goliath beetle!
The goliath beetle is almost dead.
The goliath beetle bites you!
* * * LOW HITPOINT WARNING * * *
The yak gores you.
* * * LOW HITPOINT WARNING * * *
You slash the goliath beetle!
You kill the goliath beetle!
Trog accepts your kill. The yak gores you.
* * * LOW HITPOINT WARNING * * *
Gastronok waves his eye-stalks in wide circles.
The air twists around and strikes you!
You die...

#.. ....
......>....
#...........
#####....aB.P..#
#.....#..P....#
#.....#..Y....#
#.....##.....#
#.....###...#
#<....@†w...#
#...(.#Y..#.#
#.....#.#.#.#
#.....###.#.#
#.....#.#.#.#
###+#..<#.#.#
#.#w#+#.######
#.#...w......#
#.#.[........#


You could see Gastronok and a yak.

Vanquished Creatures
  Pikel (D:7)
  An elephant (D:8)
  A spriggan (D:7)
  A wraith (D:7)
  A hungry ghost (D:7)
  An orc warrior (D:6)
  2 necrophages
  2 sky beasts (D:5)
  A centaur (D:7)
  A phantom (D:4)
  3 ogres
  Sigmund (D:3)
  A big kobold (D:7)
  Blork the orc (D:5)
  A water moccasin zombie (D:5)
  2 goliath beetles (D:8)
  A centaur zombie (D:5)
  5 hounds
  7 crimson imps
  2 giant frog zombies
  9 orc wizards
  An iguana (D:6)
  An orc priest (D:5)
  A giant frog skeleton (D:4)
  A jelly (D:7)
  3 sheep
  10 worker ants
  A hound zombie (D:5)
  A worker ant zombie (D:5)
  8 gnolls
  9 adders
  A shadow imp (D:6)
  2 worms
  An adder zombie (D:7)
  4 giant geckos
  An ooze (D:1)
  12 orcs
  A ball python (D:4)
  5 bats
  3 bat skeletons
  A bat zombie (D:6)
  13 goblins
  17 hobgoblins
  18 jackals
  7 giant cockroaches
  A giant gecko zombie (D:6)
  2 giant newts (D:4)
  A jackal skeleton (D:7)
  14 kobolds
  A quokka (D:6)
  9 rats
  7 bushes (Temple)
  4 plants (Temple)
206 creatures vanquished.

Notes
Turn   | Place    | Note
--------------------------------------------------------------
     0 | D:1      | toofou, the Minotaur Berserker, began the quest for the Orb.
     0 | D:1      | Reached XP level 1. HP: 19/19 MP: 1/1
   409 | D:1      | Reached skill level 4 in Fighting
   527 | D:1      | Reached XP level 2. HP: 25/27 MP: 1/1
  1099 | D:2      | Reached XP level 3. HP: 32/34 MP: 2/2
  1101 | D:2      | Acquired Trog's second power
  1490 | D:2      | Reached XP level 4. HP: 29/41 MP: 2/2
  1766 | D:3      | Noticed Sigmund
  1784 | D:3      | Killed Sigmund
  1784 | D:3      | Reached XP level 5. HP: 14/47 MP: 2/2
  2106 | D:3      | Found a shimmering altar of Xom.
  2193 | D:3      | Reached skill level 5 in Maces & Flails
  2193 | D:3      | Reached XP level 6. HP: 38/55 MP: 3/3
  2550 | D:3      | Reached skill level 5 in Fighting
  2607 | D:4      | Reached skill level 5 in Armour
  2869 | D:4      | Got a scorched leather armour
  3090 | D:4      | Reached skill level 1 in Axes
  3312 | D:4      | Reached XP level 7. HP: 53/61 MP: 3/3
  3397 | D:4      | Acquired Trog's third power
  3415 | D:4      | Reached skill level 5 in Dodging
  3417 | D:4      | Reached skill level 6 in Fighting
  3494 | D:4      | Found a shimmering altar of Xom.
  3526 | D:4      | Found a glowing silver altar of Zin.
  3527 | D:4      | Found a white marble altar of Elyvilon.
  3527 | D:4      | Found a deep blue altar of Sif Muna.
  3528 | D:4      | Found a shattered altar of Ashenzari.
  3532 | D:4      | Found a basalt altar of Yredelemnul.
  4093 | D:5      | Entered Level 5 of the Dungeon
  4757 | D:5      | Reached XP level 8. HP: 71/71 MP: 3/3
  4808 | D:5      | Noticed Blork the orc
  4837 | D:5      | Killed Blork the orc
  5277 | D:5      | Reached skill level 7 in Fighting
  5477 | D:5      | Reached skill level 5 in Axes
  5734 | D:5      | Got a shimmering mace
  5795 | D:5      | Received a gift from Trog
  5972 | D:5      | Reached skill level 1 in Long Blades
  6103 | D:5      | Found a staircase to the Ecumenical Temple.
  6144 | D:5      | Found a snail-covered altar of Cheibriados.
  6144 | D:5      | Found an iron altar of Okawaru.
  6144 | D:5      | Found an ancient bone altar of Kikubaaqudgha.
  6633 | Temple   | Entered the Ecumenical Temple
  7489 | D:6      | Reached skill level 8 in Fighting
  7927 | D:6      | Found a bloodstained altar of Trog.
  7935 | D:6      | Reached XP level 9. HP: 81/81 MP: 1/4
  8190 | D:7      | Found a sparkling altar of Nemelex Xobeh.
  8385 | D:7      | Reached skill level 5 in Long Blades
  8431 | D:7      | Noticed Pikel
  8448 | D:7      | Killed Pikel
  8493 | D:7      | Found a sacrificial altar of Ru.
  8502 | D:7      | Reached skill level 9 in Fighting
  8731 | D:7      | Found Nadoacot's Food Shoppe.
  8877 | D:8      | Noticed Gastronok
  8910 | D:8      | Noticed an elephant
  8910 | D:8      | Found a staircase to the Lair.
  8924 | D:8      | Killed an elephant
  8926 | D:8      | Reached XP level 10. HP: 81/91 MP: 1/4
  8941 | D:8      | Killed from afar by Gastronok

Action                   |  1- 3 |  4- 6 |  7- 9 | 10-12 || total
-------------------------+-------+-------+-------+-------++-------
Melee: Mace              |    87 |   130 |       |       ||   217
       War axe           |       |    34 |   154 |       ||   188
       Great sword       |       |       |   280 |    15 ||   295
Invok: Berserk           |     1 |     3 |     6 |       ||    10
  Use: Scroll            |       |     1 |     8 |       ||     9
       Potion            |       |       |     2 |       ||     2
  Eat: Bread ration      |     1 |     1 |     3 |       ||     5
       Meat ration       |       |     1 |     2 |       ||     3
       Fruit             |       |       |     2 |       ||     2
